AoeStats
← longbigtoes

MegaRandom

503789647Analyzed
1v1 RM · 29d ago on Sep 2, 2026· 15m 55s· 2 players
Game mode
Random Map
Map size
Tiny (2 player)
Population
200
Speed
Normal
Resources
Standard
Victory
Conquest
Starting age
Dark Age
Ending age
Imperial Age
RankedLock teamsTeams togetherTeam positionsShared explorationLock speedFull tech treeHidden civsTurbo modeCheats
Victory
Defeat
🇬🇧 Japanese · United Kingdom
925
+16
🇲🇽 Aztecs · Mexico
931
-16
longbigtoes
7:39 Loom
11:45 Feudal Age
11:46 Man-at-Arms
13:22 Scale Mail Armor
14:38 Forging
14:29 Arson
samb300593
10:29 Feudal Age
10:14 Loom
13:21 Scale Mail Armor
13:32 Forging
Connection lost

Rejoining the realm…

Still unreachable

The connection could not be restored.

Session expired

The server has moved on; the page needs a fresh start.